 Dungeon Crawl Stone Soup version 0.29.1-14-g9c671dbff4 (webtiles) character file.

Game seed: 15686278155317801487

230 leafyfresh the Ducker (level 6, 0/40 HPs)
             Began as a Djinni Ice Elementalist on Feb 17, 2023.
             Splashed by a jelly's acid (9 damage)
             ... on level 4 of the Dungeon.
             The game lasted 00:03:32 (4236 turns).

leafyfresh the Ducker (Djinni Ice Elementalist)     Turns: 4236, Time: 00:03:32

Health: 0/40       AC:  2    Str:  7    XL:     6   Next: 24%
Gold:   190        EV: 14    Int: 18    God:
                   SH:  0    Dex: 14

rFire   + + .      SeeInvis .   i - +5 short sword
rCold   x . .      Faith    .   (no shield)
rNeg    . . .      Spirit   .   a - +0 robe
rPois   ∞          Reflect  .   (no helmet)
rElec   .          Harm     .   (no cloak)
rCorr   .          Rampage  .   (no gloves)
Will    .....                   (boots unavailable)
Stlth   ++........              (no amulet)
HPRegen 0.13/turn               (no ring)
MPRegen 0.00/turn               (no ring)

@: freezing walls, flying
A: sickness immunity, fire resistance 2, cold vulnerability 1, float, innate
caster, HP casting, extra vitality 1
a: no special abilities


You were on level 4 of the Dungeon.
You visited 1 branch of the dungeon, and saw 4 of its levels.

You collected 190 gold pieces.

Inventory:

Hand Weapons
 i - a +5 short sword (weapon)
 v - a +0 sling
 x - a +2 dagger of venom
Armour
 a - a +0 robe (worn)
Wands
 z - a wand of digging (3)
Scrolls
 d - 5 scrolls of identify {unknown}
 g - a scroll of poison {unknown}
 h - a scroll of teleportation {unknown}
 j - 2 scrolls of fear {unknown}
 l - a scroll of amnesia {unknown}
 m - 2 scrolls of torment {unknown}
 n - a scroll of immolation {unknown}
 o - 2 scrolls of enchant weapon {unknown}
 r - 2 scrolls of enchant armour {unknown}
 t - a scroll of vulnerability {unknown}
 w - a scroll of silence {unknown}
 y - a scroll of fog {unknown}
Potions
 b - 2 potions of mutation {unknown}
 c - a potion of haste {unknown}
 e - 2 potions of curing {unknown}
 f - 2 potions of brilliance {unknown}
 k - 2 potions of degeneration {unknown}
 p - 2 potions of magic {unknown}
 q - a potion of might {unknown}
 s - a potion of heal wounds {unknown}
 u - 2 potions of flight {unknown}


   Skills:
 + Level 4.9 Dodging
 - Level 1.5 Stealth
 + Level 4.5 Spellcasting


You couldn't memorise any spells.
You knew the following spells:

 Your Spells              Type           Power      Damage    Failure   Level
a - Freeze                Ice            80%        1d9       2%          1
b - Frozen Ramparts       Ice            40%        1d7       6%          3
c - Ozocubu's Armour      Ice            20%        N/A       6%          3
d - Hailstorm             Conj/Ice       20%        3d6       22%         4
e - Sandblast             Erth           40%        2d10      2%          1
f - Scorch                Fire           40%        2d7       3%          2
Your spell library was empty.

Dungeon Overview and Level Annotations

Branches:
Dungeon (4/15)
 Temple: D:4-7

Altars:
Elyvilon
Xom


Innate Abilities, Weirdness & Mutations

You are immune to sickness and miasma.
You are immune to poison.
Your flesh is very heat resistant. (rF++)
You are vulnerable to cold. (rC-)
You float through the air rather than walking.
You learn spells naturally, not from books.
Your magical power is your life essence.
You have superior vitality. (+4 MHP)


Message History

You closely miss the jackal.
The jackal is moderately wounded.
The wall freezes the jackal but does no damage.
The jackal barely misses you.
The wall freezes the jackal.
You puncture the jackal!
You kill the jackal!
The wall freezes the jackal.
The jackal misses you.
The wall freezes the jackal.
You kill the jackal!
No target in view!
The frozen ramparts melt away.
A jelly comes into view.
You see here a jackal corpse.
A jelly is nearby!
A jelly is nearby!
There is a stone staircase leading up here.
A jelly is nearby!
The jelly quivers.
The jelly hits you.
You are splashed with acid!
You see here a +0 club.
Casting: Frozen Ramparts (dangerous; 6% risk of failure)
Confirm with . or Enter, or press ? or * to list all spells.
Casting: Frozen Ramparts (dangerous; 6% risk of failure)
Press: ? - help, Dir - look around, f - activate The walls around you are covered in ice.
The jelly hits you.
You are splashed with acid!
Unknown command.
Unknown command.
Your frozen ramparts will break if you move.
Continue?
The frozen ramparts melt away as you move.
Casting: Frozen Ramparts (dangerous; 6% risk of failure)
Confirm with . or Enter, or press ? or * to list all spells.
Casting: Frozen Ramparts (dangerous; 6% risk of failure)
Press: ? - help, Dir - look around, f - activate The walls around you are covered in ice.
* * * LOW HITPOINT WARNING * * *
The wall freezes the jelly.
The jelly hits you.
* * * LOW HITPOINT WARNING * * *
You are splashed with acid!
You die...

#.... ..... .... .>.
####.## .....#
##########..#########
#<.........†........#
########@#.#..$.....#
........J<..........#
###................#
###................#
..............#######
###.####+#.##.# #.
#.##(....... #
#.########## #..


You could see a jelly.

Vanquished Creatures
  The ghost of sigtrap the Shooter, an amateur SpHu of Ashenzari (D:3)
  An orc priest (D:3)
  Jessica (D:2)
  Robin (D:2)
  An adder (D:3)
  A worm (D:3)
  A dart slug (D:1)
  3 orcs (D:3)
  7 bats
  An endoplasm (D:1)
  2 giant cockroaches
  10 hobgoblins
  3 jackals (D:4)
  4 quokkas
  7 ball pythons
  20 goblins
  5 kobolds
  8 rats
77 creatures vanquished.

Notes
Turn   | Place    | Note
-------+----------+-------------------------------------------
     0 | D:1      | leafyfresh the Djinni Ice Elementalist began the quest for
                  | the Orb.
     0 | D:1      | leafyfresh set off with the following spells memorised:
                  | Freeze, Frozen Ramparts, Ozocubu's Armour, Hailstorm.
     0 | D:1      | Reached XP level 1. HP: 15/15 MP: 0/0
   478 | D:1      | Reached XP level 2. HP: 18/21 MP: 0/0
   619 | D:1      | Found a faded altar of an unknown god.
  1177 | D:1      | You are sucked into a shaft and drop 1 floor!
  1266 | D:2      | Noticed Robin
  1274 | D:2      | Reached XP level 3. HP: 22/25 MP: 0/0
  1274 | D:2      | Learned a level 1 spell: Sandblast
  1278 | D:2      | Killed Robin
  1770 | D:2      | Reached XP level 4. HP: 27/31 MP: 0/0
  1914 | D:2      | Found a shimmering altar of Xom.
  2263 | D:2      | Noticed Jessica
  2272 | D:2      | Killed Jessica
  2708 | D:3      | Reached XP level 5. HP: 31/35 MP: 0/0
  2708 | D:3      | Learned a level 2 spell: Scorch
  3081 | D:3      | Noticed sigtrap's ghost (amateur SpHu)
  3162 | D:3      | Found a white marble altar of Elyvilon.
  3346 | D:3      | Found a runed translucent door.
  3968 | D:3      | Killed sigtrap's ghost
  3969 | D:3      | Reached XP level 6. HP: 18/40 MP: 0/0
  4236 | D:4      | Splashed by a jelly's acid

Illustrated notes

Levels and vault maps discovered:
D:1:      mainiacjoe_arrival_reflecting_pool, layout_loops_cross,
          hellmonk_ecumenical_altar_leap_of_faith
D:2:      kennysheep_the_goblin_king, layout_loops_cross, basic_altar,
          minmay_misc_feat_encased, kennysheep_jessica_study, uniq_robin
D:3:      minmay_door_path, layout_basic, elyvilon_altar_4,
          hellmonk_ghost_happy_afterlife, kennysheep_generic_room_4
D:4:      layout_basic, serial_bayou_crossing, uniq_pikel

Skill      XL: |  1  2  3  4 |
---------------+-------------+-----
Dodging        | 3 4 |  4.9
Spellcasting   | 4 |  4.5
Stealth        | |  1.5

Action                   |  1- 3 |  4- 6 || total
-------------------------+-------+-------++-------
Melee: Unarmed           |    11 |       ||    11
       Short sword       |    48 |    85 ||   133
       Punch             |     1 |     2 ||     3
 Cast: Freeze            |    13 |     3 ||    16
       Frozen Ramparts   |     1 |     6 ||     7
       Scorch            |       |     2 ||     2
       Ozocubu's Armour  |       |     1 ||     1
 Stab: Sleeping          |     1 |     4 ||     5
Armor: Robe              |    17 |    18 ||    35
Dodge: Dodged            |    46 |    60 ||   106
